[Event "Summer Prague Open-A 2022"]
[Site "Prague"]
[Date "2022.08.07"]
[Round "3.4"]
[White "Lutsko, Artem"]
[Black "Svatos, Jan"]
[Result "1/2-1/2"]
[ECO "D37"]
[WhiteElo "2392"]
[BlackElo "2185"]
[Annotator "TA"]
[PlyCount "90"]
[EventDate "2022.08.05"]
[EventType "swiss"]
[EventCountry "CZE"]
[SourceTitle "playchess.com"]
[Source "ChessBase"]
[SourceQuality "1"]
[TimeControl "40/5400+30:1800+30"]

1. d4 Nf6 2. c4 e6 3. Nf3 d5 4. Nc3 Be7 5. g3 O-O 6. Bg2 dxc4 7. Ne5 Nc6 8. Bxc6 bxc6 9. Nxc6 Qe8 10. Nxe7+ Qxe7 11. Qa4 c5 12. dxc5 $1 {[%emt 0:00:04] The main line 12.dxc5 scores better than 12.Qxc4. E06: Closed Catalan: Early deviations.} Qxc5 13. Be3 Qc7 14. Rd1 Bb7 15. O-O Nd5 16. Bd4 Rfd8 {[%emt 0:35:34] [#]} 17. Qc2 $146 ({Predecessor:} 17. Nxd5 Rxd5 18. Bc3 a5 19. Rxd5 exd5 20. Rd1 f6 21. Rd4 Qc6 22. Qxc6 Bxc6 23. f3 {½-½ (59) Sarana,A (2685)-Caruana,F (2781) Chess.com INT 2022}) 17... e5 (17... f6 {looks sharper.} 18. Rd2 Nb4 19. Qa4 a5) 18. Nxd5 Rxd5 19. Be3 Qc6 {[%emt 0:07:59][%cal Od5d2] [#] Strongly threatening ...Rd2!} 20. f3 Rad8 21. Rc1 Rc8 22. Rfd1 Rxd1+ 23. Rxd1 e4 24. fxe4 (24. Qxe4 $14 Qxe4 25. fxe4) 24... Qe6 25. Rd4 f5 (25... h5 $11 {remains equal.}) 26. Qd2 $16 Re8 27. Bf4 (27. Rd8 $16) 27... Bxe4 28. Rd6 $1 Qf7 29. Qd4 h6 30. Rd7 Re7 31. Rxe7 Qxe7 32. Qxc4+ $14 {[%emt 0:00:07][%mdl 4096] Endgame KQB-KQB} Kh7 33. Kf2 Qb7 34. b3 Bb1 35. Qa4 (35. b4 $16) 35... Qh1 $11 36. Qxa7 {[%emt 0:03:46] And now Be5 would win.} Qxh2+ 37. Ke1 {[%emt 0:00:02] Black must now prevent Be5.} Qh1+ 38. Kd2 Qe4 {[%emt 0:00:16] Inhibits Be5.} 39. Qc7 {[%emt 0:04:27] [#] Be5 is the strong threat.} Qd5+ {[%emt 0:00:12] The position is equal.} 40. Kc1 Bxa2 41. Be5 Qg8 42. Qc2 Qxb3 {[%emt 0:00:00] aiming for ...Qe3+.} 43. Qxf5+ Kg8 44. Qc8+ Kh7 {[%emt 0:00:00] Hoping for ...Qe3+.} 45. Qc7 Qc4+ {[%emt 0:00:00] Weighted Error Value: White=0.09 (flawless) /Black=0.12 (very precise)} 1/2-1/2

[Event "Summer Prague Open-A 2022"]
[Site "Prague"]
[Date "2022.08.07"]
[Round "3.5"]
[White "Ehrlich, Roy"]
[Black "Kambrath, Yannick"]
[Result "1/2-1/2"]
[ECO "B28"]
[WhiteElo "2183"]
[BlackElo "2401"]
[Annotator "TA"]
[PlyCount "100"]
[EventDate "2022.08.05"]
[EventType "swiss"]
[EventCountry "CZE"]
[SourceTitle "playchess.com"]
[Source "ChessBase"]
[SourceQuality "1"]
[TimeControl "40/5400+30:1800+30"]

1. e4 c5 2. Nf3 a6 3. c3 Nf6 4. Bd3 e6 {[%emt 0:10:34] [#]} 5. Bc2 $146 ({Predecessor:} 5. a4 b6 6. Bc2 d5 7. e5 Nfd7 8. d4 Nc6 9. O-O Be7 10. Be3 Bb7 11. Re1 Qc7 12. Na3 cxd4 13. Bxd4 Nxd4 14. Qxd4 {0-1 (62) Kiss,I (1774)-Dekany,L (2026) Hungary 2016}) 5... b5 6. d4 {[%emt 0:09:42] B28: Sicilian: 2 Nf3 a6 (O'Kelly Variation).} Bb7 7. Qe2 (7. e5 $5 Nd5 8. O-O $11) 7... Be7 8. O-O {[%emt 0:12:00] White is slightly better.} d6 9. Nbd2 cxd4 10. cxd4 Nbd7 11. Re1 O-O 12. Nf1 Re8 13. Ng3 Nb6 14. b3 Rc8 15. Bb2 Nbd7 16. Rad1 Qb6 17. Bb1 Ra8 18. h4 a5 ({Black should play} 18... Rad8 $14) 19. e5 $1 $16 {[%emt 0:02:20] Threatens to win with Ng5.} Nd5 20. Qe4 {[%emt 0:05:05] Against Nf4} (20. Ng5 $1 $16 h6 21. Nxf7 Kxf7 22. Qg4) 20... Nf8 $1 $11 21. Nh5 Ng6 {[%emt 0:03:46][%cal Od5c3] ...Nc3! is the strong threat.} 22. Qg4 $1 Rac8 {[%emt 0:01:11] [#]} (22... dxe5 $11 23. dxe5 Rac8) 23. Rc1 (23. Ng3 $1 $16) 23... b4 24. Nd2 Rxc1 25. Rxc1 dxe5 26. Nc4 Qd8 (26... f5 $15 27. Nxb6 fxg4 28. Nxd5 Bxd5) 27. dxe5 Nc3 {[%emt 0:01:19] Inhibits Be4.} 28. Bxc3 bxc3 29. Rxc3 Bd5 {[%emt 0:00:58] This bishop pair is nice.} (29... Bb4 {looks sharper.} 30. Rg3 Ba6 31. Nf4 Bxc4 32. Bxg6 hxg6 33. bxc4 Qd4) 30. Bxg6 hxg6 31. Nf4 {[%emt 0:00:11] Strongly threatening Rd3.} Bxc4 32. Rxc4 Bxh4 {[%emt 0:01:54] [#]} 33. Nxg6 $1 Bxf2+ 34. Kxf2 fxg6 {[%emt 0:00:16][%mdl 4096] Endgame KQR-KQR} 35. Kg1 ({White should try} 35. Qxg6 $14 Rf8+ 36. Kg3 (36. Kg1 Qd5 $14)) 35... Qd2 36. Qxg6 Qe1+ 37. Kh2 {[%emt 0:00:01] Dancing on a razor blade.} Qxe5+ 38. Qg3 Qf6 (38... Qh5+ {seems wilder.} 39. Rh4 Qd5 40. Qg6 Qe5+) 39. Rc5 e5 40. Rxa5 e4 41. Rd5 $2 {[%emt 0:16:09][%mdl 8192] [#]} (41. Qe3 $11) 41... e3 $1 $19 42. Rd1 Qf5 $2 (42... Re4 $19 {( -> ...e2)} 43. Kg1 e2) 43. Qf3 $11 Qe5+ (43... e2 $5 44. Re1 Qe6 $11) 44. Kg1 $2 (44. g3 $11) 44... Rf8 $2 (44... e2 $19 45. Re1 Re6) 45. Qe2 {[%emt 0:00:54] Inhibits Qe3+. Hoping for Qc4+. The position is equal.} Rf4 {[%emt 0:01:17] Inhibits Qc4+. And now ...Rh4 would win.} 46. Rd3 Qa1+ (46... Rh4 $2 47. Rxe3 (47. Qxe3 Qh2+ 48. Kf2 Rf4+ 49. Ke1 Qh1+ 50. Kd2 Qxg2+ 51. Kc3 Qc6+ 52. Kb2 Qf6+ 53. Kb1 Rf1+ 54. Kc2 Rf2+ 55. Rd2 Qc6+ 56. Qc3 Rxd2+ 57. Kxd2 Qg2+ 58. Ke1 Qg1+ 59. Ke2 Qg2+ 60. Kd3 Qxa2 $11) 47... Qd4 48. Qd3 $18) 47. Qd1 Qe5 (47... Qxa2 48. Rd8+ Rf8 49. Qd5+ Kh7 50. Qe4+ Kh6 51. Rxf8 Qa1+ 52. Kh2) 48. Qe2 Qa1+ (48... Rh4 $2 49. Rxe3 (49. Qxe3 Qh2+ 50. Kf2 Rf4+ 51. Ke1 Qh1+ 52. Kd2 Qxg2+ 53. Kc3 Qc6+ 54. Kb2 Qf6+ 55. Kc2 Rf2+ 56. Rd2 Qf5+ 57. Qd3 Rxd2+ 58. Kxd2 Qa5+ 59. Ke2 Qxa2+ 60. Ke3 Qa7+ 61. Qd4 Qxd4+ 62. Kxd4 g5 $11) 49... Qd4 50. Qf2 $18) 49. Qd1 Qe5 $1 (49... Qxa2 50. Rd8+ Rf8 51. Qd5+ Kh7 52. Qe4+ Kh6 53. Rxf8 Qa1+ 54. Kh2) 50. Qe2 Qa1+ {[%emt 0:01:10] Weighted Error Value: White=0.49/Black=0.28 (precise)} (50... Rh4 $2 51. Rxe3 (51. Qxe3 Qh2+ 52. Kf2 Rf4+ 53. Ke1 Qh1+ 54. Kd2 Qxg2+ 55. Kc3 Qc6+ 56. Kb2 Qf6+ 57. Kc2 Rf2+ 58. Rd2 Qf5+ 59. Qd3 Rxd2+ 60. Kxd2 Qa5+ 61. Ke3 Qxa2 $11) 51... Qd4 52. Qf2 $18) 1/2-1/2

[Event "Summer Prague Open-A 2022"]
[Site "Prague"]
[Date "2022.08.07"]
[Round "3.6"]
[White "Demeter, Dorina"]
[Black "Hollan, Martin"]
[Result "1/2-1/2"]
[ECO "A04"]
[WhiteElo "2176"]
[BlackElo "2399"]
[Annotator "TA"]
[PlyCount "102"]
[EventDate "2022.08.05"]
[EventType "swiss"]
[EventCountry "CZE"]
[SourceTitle "playchess.com"]
[Source "ChessBase"]
[SourceQuality "1"]
[TimeControl "40/5400+30:1800+30"]

1. Nf3 {[%emt 0:00:26] ChessBase II} e6 2. c4 f5 3. Nc3 Nf6 4. g3 d5 5. d4 c6 6. Bg2 Bd6 7. O-O O-O 8. Qc2 Ne4 9. Ne5 Nd7 10. Bf4 Bxe5 11. Bxe5 Nxe5 12. dxe5 {[%emt 0:00:02] A90: Dutch Defence: Miscellaneous and Modern Stonewall (with ...Bd6).} Nxc3 (12... Qc7 $11) 13. Qxc3 $14 {[%emt 0:01:47] [#]} a5 $146 ({Predecessor:} 13... f4 14. Rad1 Qb6 15. gxf4 Rxf4 16. e4 dxe4 17. Rd4 Qc7 18. Rfd1 Rf8 19. Rd6 Qe7 {0-1 (59) Podhorzer,D-Kolnhofer,J Vienna 1933 EXT 2001 [ChessBase II]}) 14. f4 {[%emt 0:18:19] White is slightly better.} Qb6+ 15. c5 Qa6 16. Bf3 b6 17. Rfc1 Bd7 18. Rc2 Rfb8 19. Rac1 Qb5 20. Kf2 (20. cxb6 $11 {remains equal.} Qxb6+ 21. Kg2) 20... Qxc5+ 21. Qxc5 bxc5 22. b3 {[%emt 0:02:51] Prevents c4.} a4 23. Rxc5 axb3 24. axb3 Rxb3 25. g4 (25. R1c3 $17 {keeps fighting.} Rb4 26. Rc2) 25... fxg4 $19 26. Bxg4 {[%emt 0:00:01] [#]} Rf8 $1 27. e3 g5 $1 28. Rxc6 $2 (28. R5c3 {might work better.} Rxc3 29. Rxc3) 28... Bxc6 29. Bxe6+ Kh8 30. Rxc6 gxf4 31. exf4 Rxf4+ {[%emt 0:01:01][%mdl 4096] Endgame KRR-KRB} 32. Kg2 Rc4 (32... Rd4 $142 {( -> ...Rd2+)} 33. Rc8+ Kg7 34. Rg8+ Kh6) 33. Rxc4 dxc4 34. Bxc4 {[%emt 0:00:05] KR-KB} Rb4 ({Black should play} 34... Re3 $19 35. e6 Kg7) 35. Bf7 $17 Kg7 36. e6 Kf6 37. Kg3 h6 38. Kf3 Ra4 39. Kg3 Ra1 40. Kf4 Rg1 41. Kf3 Rg5 42. h4 Rf5+ 43. Kg4 Ra5 44. h5 Ra4+ 45. Kf3 Rb4 46. Kg3 Re4 47. Kf3 Rh4 48. Kg3 Rxh5 49. Bxh5 $11 {[%emt 0:00:00] [#] White wants to mate with Bf7. The position is equal.} Kxe6 50. Bd1 h5 51. Bxh5 Ke5 {Weighted Error Value: White=0.17 (very precise) /Black=0.18 (very precise)} 1/2-1/2

[Event "Summer Prague Open-A 2022"]
[Site "Prague"]
[Date "2022.08.07"]
[Round "3.7"]
[White "Meissner, Felix"]
[Black "Hajiyev, Kanan"]
[Result "1/2-1/2"]
[ECO "B30"]
[WhiteElo "2381"]
[BlackElo "2142"]
[Annotator "RC"]
[PlyCount "110"]
[EventDate "2022.08.05"]
[EventType "swiss"]
[EventCountry "CZE"]
[SourceTitle "playchess.com"]
[Source "ChessBase"]
[SourceQuality "1"]
[TimeControl "40/5400+30:1800+30"]

1. e4 c5 2. Nf3 Nc6 3. Bb5 Nd4 4. Bc4 d6 5. c3 Nxf3+ 6. Qxf3 Nf6 7. O-O e5 8. d4 Qc7 9. dxe5 dxe5 10. Bg5 Be7 11. Bb5+ Bd7 12. Bxd7+ Nxd7 13. Bxe7 Kxe7 14. Na3 Rhd8 15. Nc4 Kf8 16. Qg3 b5 17. Ne3 Qc6 18. f3 c4 19. Kh1 Qg6 20. a4 Qxg3 21. hxg3 a6 22. Rfd1 Nc5 23. Rxd8+ Rxd8 24. axb5 axb5 25. Ra5 Rb8 26. Nxc4 bxc4 27. Rxc5 Rxb2 28. Rxc4 h5 29. Rc5 f6 30. Rc7 Kg8 31. c4 Kh7 32. c5 Kh6 33. c6 Rc2 34. Kg1 g6 35. f4 h4 36. Kh2 hxg3+ 37. Kxg3 exf4+ 38. Kxf4 Rxg2 39. Rf7 Rf2+ 40. Ke3 Rf1 41. Kd2 Rf2+ 42. Kd3 Rf1 43. c7 Rc1 44. Kd4 g5 45. Kd5 Kg6 46. Re7 g4 47. Kd6 Rd1+ 48. Ke6 Rc1 49. Kd7 Rd1+ 50. Ke8 Rc1 51. Kd7 Rd1+ 52. Ke6 Rc1 53. Kd7 Rd1+ 54. Ke8 Rc1 55. Kd7 Rd1+ 1/2-1/2

[Event "Summer Prague Open-A 2022"]
[Site "Prague"]
[Date "2022.08.07"]
[Round "3.8"]
[White "Ranaldi, Lucas"]
[Black "Sidletskyi, Ivan"]
[Result "1/2-1/2"]
[ECO "D40"]
[WhiteElo "2339"]
[BlackElo "2075"]
[Annotator "RC"]
[PlyCount "161"]
[EventDate "2022.08.05"]
[EventType "swiss"]
[EventCountry "CZE"]
[SourceTitle "playchess.com"]
[Source "ChessBase"]
[SourceQuality "1"]
[TimeControl "40/5400+30:1800+30"]

1. c4 Nf6 2. Nf3 e6 3. Nc3 d5 4. d4 c5 5. e3 b6 6. dxc5 bxc5 7. Be2 Be7 8. O-O O-O 9. b3 Nc6 10. cxd5 exd5 11. Bb2 Be6 12. Rc1 Rc8 13. Na4 Na5 14. Bxf6 gxf6 15. Qd2 Nb7 16. Ba6 Qd7 17. e4 Rfd8 18. exd5 Bxd5 19. Nc3 Bc6 20. Qxd7 Rxd7 21. Rfd1 Rcd8 22. Rxd7 Rxd7 23. Bb5 Bxb5 24. Nxb5 Na5 25. Na3 Nc6 26. Nc4 Kg7 27. Kf1 f5 28. Ne3 Kf6 29. Rd1 Rxd1+ 30. Nxd1 Ke6 31. Ke2 Nb4 32. a4 Bf6 33. Ne3 f4 34. Nc4 Kd5 35. Ne1 Nc6 36. Nc2 Ke4 37. Nd6+ Kd5 38. Nc4 Ke4 39. Nd2+ Kd5 40. f3 Na5 41. Na3 Bc3 42. Nb5 Bxd2 43. Kxd2 Nxb3+ 44. Kc3 Nd4 45. Nxa7 Ne2+ 46. Kd3 Nc1+ 47. Kc2 Na2 48. Nb5 Kc4 49. Nd6+ Kd4 50. a5 c4 51. Nb5+ Kc5 52. Nc3 Nb4+ 53. Kd2 f5 54. h4 Nc6 55. a6 Kb6 56. Nd5+ Kxa6 57. Kc3 Kb5 58. Nxf4 Kc5 59. Ne6+ Kd5 60. Nf4+ Ke5 61. Ne2 Kd5 62. h5 h6 63. Nf4+ Ke5 64. Ng6+ Kd5 65. Nh8 Nd4 66. Nf7 Ne2+ 67. Kd2 Ng3 68. Nxh6 Kd4 69. Nf7 Nxh5 70. Nd6 Ng3 71. Nb5+ Kc5 72. Nc3 Kb4 73. Kc2 Kc5 74. Kd2 Kb4 75. Nd5+ Kc5 76. Ne3 f4 77. Nc2 Nf5 78. Kc3 Nh4 79. Ne1 Kd5 80. Kd2 Kd4 81. Nc2+ 1/2-1/2

[Event "Summer Prague Open-A 2022"]
[Site "Prague"]
[Date "2022.08.07"]
[Round "3.9"]
[White "Winter, Ondrej"]
[Black "Risting, Eivind Olav"]
[Result "0-1"]
[ECO "B50"]
[WhiteElo "2168"]
[BlackElo "2325"]
[Annotator "RC"]
[PlyCount "36"]
[EventDate "2022.08.05"]
[EventType "swiss"]
[EventCountry "CZE"]
[SourceTitle "playchess.com"]
[Source "ChessBase"]
[SourceQuality "1"]
[TimeControl "40/5400+30:1800+30"]

1. e4 c5 2. Nf3 d6 3. c3 Nf6 4. Bd3 Nc6 5. O-O Bg4 6. h3 Bh5 7. Re1 Qd7 8. Bc2 g5 9. d3 Rg8 10. Bb3 Bh6 11. g4 Nxg4 12. hxg4 Qxg4+ 13. Kh2 Bg7 14. Rg1 Be5+ 15. Nxe5 Qh4+ 16. Kg2 Bxd1 17. Bxd1 Nxe5 18. Rh1 Nxd3 0-1

[Event "Summer Prague Open-A 2022"]
[Site "Prague"]
[Date "2022.08.07"]
[Round "3.10"]
[White "Krivanek, Vladimir"]
[Black "Kulhanek, Tomas"]
[Result "0-1"]
[ECO "A40"]
[WhiteElo "2152"]
[BlackElo "2319"]
[Annotator "RC"]
[PlyCount "100"]
[EventDate "2022.08.05"]
[EventType "swiss"]
[EventCountry "CZE"]
[SourceTitle "playchess.com"]
[Source "ChessBase"]
[SourceQuality "1"]
[TimeControl "40/5400+30:1800+30"]

1. d4 Nf6 2. c4 e6 3. g3 Bb4+ 4. Bd2 Be7 5. Nc3 d5 6. Bg2 O-O 7. cxd5 exd5 8. Qb3 c6 9. Nf3 Na6 10. O-O Nc7 11. Rad1 Nce8 12. Ne5 Qb6 13. Qxb6 axb6 14. a4 Nd6 15. b3 Be6 16. f3 Rfc8 17. e3 c5 18. g4 h6 19. Rb1 cxd4 20. exd4 b5 21. axb5 Bd8 22. Rfc1 Ba5 23. Bf1 Bb4 24. Ne4 Bxd2 25. Nxd2 Ra2 26. Rxc8+ Bxc8 27. Rd1 Bd7 28. Nxd7 Nxd7 29. Kf2 g5 30. Ke3 Nf8 31. f4 Ne6 32. f5 Nf4 33. Rc1 Kg7 34. Rc7 h5 35. Rd7 Ne8 36. gxh5 Nf6 37. h6+ Kxh6 38. Rd6 Kg7 39. h3 Rc2 40. b6 Rxd2 41. Rxf6 Rd1 42. Rd6 Rxf1 43. Rd7 Rh1 44. Kf3 Rb1 45. h4 Rf1+ 46. Kg4 Rg1+ 47. Kf3 gxh4 48. f6+ Kxf6 49. Kxf4 h3 50. Rxd5 h2 0-1

[Event "Summer Prague Open-A 2022"]
[Site "Prague"]
[Date "2022.08.07"]
[Round "3.11"]
[White "Philipp, Mathias"]
[Black "Santagati, Alessandro"]
[Result "1/2-1/2"]
[ECO "B27"]
[WhiteElo "2092"]
[BlackElo "2299"]
[Annotator "NA RC"]
[PlyCount "182"]
[EventDate "2022.08.05"]
[EventType "swiss"]
[EventCountry "CZE"]
[SourceTitle "playchess.com"]
[Source "ChessBase"]
[SourceQuality "1"]
[TimeControl "40/5400+30:1800+30"]

1. e4 c5 2. Nf3 g6 3. c3 d5 4. exd5 Qxd5 5. d4 Bg7 6. Be2 cxd4 7. cxd4 Nf6 8. Nc3 Qa5 9. O-O O-O 10. Ne5 Nbd7 11. Bf4 Nxe5 12. Bxe5 Be6 13. Bf3 Nd5 14. Bxg7 Kxg7 15. Qe2 Nxc3 16. bxc3 Rad8 17. Rfd1 $11 Qxc3 18. Bxb7 Qc4 19. Qe5+ f6 20. Qc5 Rd7 21. Bf3 Rc8 22. Qa3 Qc3 23. Qa6 Qc4 24. Qa3 Rb8 25. d5 Bg4 26. Rac1 Qb4 27. Qe3 Bxf3 28. Qxf3 Qb2 29. a4 Rb4 30. Qe3 Rxa4 31. Qe6 Ra2 32. Rf1 Qb7 33. d6 Ra6 34. Rb1 Qc8 35. Rbc1 Qe8 36. Rfe1 Raxd6 37. Qa2 Qd8 38. Qb3 Qb6 39. Qa3 Re6 40. h4 Rxe1+ 41. Rxe1 Qd6 42. Qa4 Qd2 43. Rb1 Qd4 44. Qb5 Rd5 45. Qb7 Re5 46. Qa6 Kh6 47. g3 Rf5 48. Rf1 Kg7 49. Qa3 Qc5 50. Qa6 Rf3 51. Kg2 Ra3 52. Qe6 Rc3 53. Re1 Kf8 54. Ra1 Rc2 55. Qe1 a5 56. Rxa5 Rxf2+ 57. Qxf2 Qxa5 58. Qe3 Qd5+ 59. Kh2 g5 60. hxg5 Qxg5 61. Qe4 Qd2+ 62. Kh1 Qh6+ 63. Kg2 Qh5 64. Qa8+ Kg7 65. Qe4 Qe5 66. Qg4+ Kf7 67. Qc4+ e6 68. Kf2 Qf5+ 69. Kg1 Qf3 70. g4 Qe3+ 71. Kg2 Kg6 72. Qc2+ Kg5 73. Qxh7 Qe2+ 74. Kh1 Qf3+ 75. Kh2 Qf2+ 76. Kh3 Qf3+ 77. Kh2 Qxg4 78. Qg7+ Kf5 79. Qh7+ Kf4 80. Qc7+ e5 81. Qc1+ Kf5 82. Qc8+ Kg5 83. Qc5 Qe2+ 84. Kg3 Qg4+ 85. Kh2 Qd4 86. Qb5 f5 87. Kg2 e4 88. Qe8 Qb2+ 89. Kg3 f4+ 90. Kh3 f3 91. Qe5+ Qxe5 1/2-1/2

[Event "Summer Prague Open-A 2022"]
[Site "Prague"]
[Date "2022.08.07"]
[Round "3.13"]
[White "Gorkiewicz, Mateusz"]
[Black "Nemeth, Zalan"]
[Result "1/2-1/2"]
[ECO "B47"]
[WhiteElo "2023"]
[BlackElo "2194"]
[Annotator "NA RC"]
[PlyCount "94"]
[EventDate "2022.08.05"]
[EventType "swiss"]
[EventCountry "CZE"]
[SourceTitle "playchess.com"]
[Source "ChessBase"]
[SourceQuality "1"]
[TimeControl "40/5400+30:1800+30"]

1. e4 c5 2. Nf3 e6 3. d4 cxd4 4. Nxd4 Nc6 5. Nc3 Qc7 6. Nb3 a6 7. Bd3 Nf6 8. O-O b5 9. f4 d6 10. Qf3 Bb7 11. Bd2 g6 12. Qh3 Bg7 13. f5 Ne5 14. fxe6 O-O 15. Bg5 Neg4 (15... b4 $11) 16. Qh4 $11 (16. Nd5 $14 Nxd5 17. Qxg4 (17. exd5 f5 $15)) 16... b4 17. Nd5 Nxd5 18. Qxg4 f6 19. exd5 fxg5 20. Qxg5 Bxb2 21. e7 Rxf1+ 22. Rxf1 Bg7 23. h4 Re8 24. Re1 Bc8 25. h5 Qc3 26. Qg3 Bf5 27. hxg6 hxg6 28. Re3 Bh6 29. Rf3 Bxd3 30. cxd3 Qg7 31. Qxd6 Rxe7 32. Qb8+ Kh7 33. Qxb4 Qe5 34. d6 Rd7 35. Qd4 Qxd4+ 36. Nxd4 Rxd6 37. Nb3 Kg7 38. d4 Bg5 39. Kf2 Rb6 40. Ke2 a5 41. Kd3 Bf6 42. d5 Rb4 43. Nxa5 Rd4+ 44. Kc2 Ra4 45. Nb3 Rxa2+ 46. Kd3 Rxg2 47. d6 Rg5 1/2-1/2

[Event "Summer Prague Open-A 2022"]
[Site "Prague"]
[Date "2022.08.07"]
[Round "3.14"]
[White "Fiskaaen, Martin Holten"]
[Black "Polster, Christian"]
[Result "1/2-1/2"]
[ECO "D37"]
[WhiteElo "1930"]
[BlackElo "2236"]
[Annotator "NA RC"]
[PlyCount "169"]
[EventDate "2022.08.05"]
[EventType "swiss"]
[EventCountry "CZE"]
[SourceTitle "playchess.com"]
[Source "ChessBase"]
[SourceQuality "1"]
[TimeControl "40/5400+30:1800+30"]

1. d4 Nf6 2. c4 e6 3. Nf3 d5 4. Nc3 Nbd7 5. Bf4 dxc4 6. e3 Nd5 7. Bxc4 Nxf4 8. exf4 Nb6 {[%emt 0:00:11] 8...Nb6 scores better than 8...Bd6.} 9. Bb3 g6 10. O-O Bg7 11. Qe2 O-O 12. g3 a5 13. a3 {[%emt 0:03:28] [#]} a4 $146 ({Predecessor:} 13... Nd5 14. Rac1 Nxc3 15. bxc3 Qd6 16. a4 b6 17. Ne5 Ba6 18. Bc4 Bb7 19. Rcd1 c5 {½-½ (27) Ferre Perez,A (2155)-Jimenez Pulido,G (2176) ICCF email 2013}) 14. Ba2 Bd7 ({Don't do} 14... Bxd4 15. Rfd1 c5 16. Nxd4 cxd4 17. Qe5 $16) 15. Ne5 Bc6 16. Nxc6 bxc6 17. Rfd1 Qb8 18. Ne4 Rd8 19. Ng5 (19. Rac1 $14) 19... Nd5 20. Rac1 $11 Qb6 21. Nf3 Ra5 22. Ne5 Rb5 23. Rc2 Bxe5 24. dxe5 Rb8 25. Rdd2 Rc5 26. Rxc5 Qxc5 27. Rc2 Qd4 28. Qd2 Qxd2 29. Rxd2 Kf8 30. Kf1 Ke7 31. Ke2 Kd7 32. Kd1 Rb5 33. Bc4 Rc5 34. Bd3 Ra5 35. Bc2 c5 36. Re2 Kc6 37. Re4 Nb6 38. Kd2 Ra8 39. h4 Kb5 40. Bd3+ c4 41. Be2 Rd8+ 42. Kc3 Nd5+ 43. Kc2 Nb6 44. Kc3 c5 45. Bxc4+ Nxc4 46. Rxc4 Rd1 47. Re4 Rc1+ 48. Kd2 Rf1 49. Re2 Kc4 50. Kc2 h5 51. Rd2 Re1 52. Rd7 Re2+ 53. Kc1 Kb3 54. Rxf7 Rc2+ 55. Kd1 Kxb2 56. Rf6 Rc4 57. Rxg6 Rd4+ 58. Ke2 c4 59. Rxe6 c3 60. Rb6+ Kxa3 61. f5 Re4+ 62. Kd3 Rxe5 63. f6 c2 64. Kxc2 Re2+ 65. Kc3 Rxf2 66. Rb5 Rxf6 67. Rxh5 Rf3+ 68. Kc2 Rxg3 69. Ra5 Rh3 70. h5 Kb4 71. Ra8 Rh2+ 72. Kb1 Rxh5 73. Rg8 Rh1+ 74. Ka2 Rh2+ 75. Ka1 Rh3 76. Rg1 Kb3 77. Rf1 Rg3 78. Rh1 Rc3 79. Rg1 a3 80. Rh1 a2 81. Rg1 Rc8 82. Rg3+ Kc2 83. Kxa2 Ra8+ 84. Ra3 Rxa3+ 85. Kxa3 1/2-1/2

[Event "Summer Prague Open-A 2022"]
[Site "Prague"]
[Date "2022.08.07"]
[Round "3.15"]
[White "Navaratnam, Ishaan Quan Tze"]
[Black "Mirimanian, Hayk"]
[Result "0-1"]
[ECO "B43"]
[WhiteElo "1409"]
[BlackElo "2228"]
[Annotator "NA RC"]
[PlyCount "44"]
[EventDate "2022.08.05"]
[EventType "swiss"]
[EventCountry "CZE"]
[SourceTitle "playchess.com"]
[Source "ChessBase"]
[SourceQuality "1"]
[TimeControl "40/5400+30:1800+30"]

1. e4 c5 2. Nf3 e6 3. d4 cxd4 4. Nxd4 a6 5. Nc3 Qc7 6. Bd3 Nf6 7. f4 d6 8. Qe2 Nbd7 9. g4 e5 (9... h6 $1 $14) 10. Nf5 g6 11. Ne3 exf4 12. Ned5 Nxd5 13. Nxd5 Qc6 14. Bxf4 Bg7 {[%emt 0:00:37] [#]} 15. O-O-O ({White should play} 15. Qf2 $1 $16 ) 15... Ne5 $14 16. Bxe5 Bxe5 17. Rhf1 Be6 18. Bc4 h5 19. g5 Rc8 20. Bb3 Qc5 21. Nf6+ Bxf6 22. Rxf6 Qxg5+ 0-1

[Event "Summer Prague Open-A 2022"]
[Site "Prague"]
[Date "2022.08.07"]
[Round "3.16"]
[White "Bruchmann, Stephan"]
[Black "Koestner, Laurin"]
[Result "1-0"]
[ECO "B52"]
[WhiteElo "2226"]
[BlackElo "1676"]
[Annotator "NA RC"]
[PlyCount "69"]
[EventDate "2022.08.05"]
[EventType "swiss"]
[EventCountry "CZE"]
[SourceTitle "playchess.com"]
[Source "ChessBase"]
[SourceQuality "1"]
[TimeControl "40/5400+30:1800+30"]

1. e4 c5 2. Nf3 d6 3. Bb5+ Bd7 4. c4 a6 5. Bxd7+ Nxd7 6. Nc3 Ngf6 7. O-O e6 8. d4 cxd4 9. Qxd4 Be7 10. Bg5 Qc7 11. Rac1 h6 12. Bh4 O-O 13. Rfd1 Rfc8 14. b3 Qa5 15. Bg3 Rc6 16. Qd2 Kf8 17. Nd4 Rc7 18. f4 b5 $14 (18... Rac8 $11 {is more appropriate.}) 19. cxb5 axb5 20. Ndxb5 Nxe4 21. Nxe4 Rxc1 22. Rxc1 Qxb5 23. f5 d5 24. fxe6 fxe6 25. Nf2 Nf6 26. Qe3 Rxa2 27. Qxe6 Ra8 28. h3 Qxb3 29. Kh2 Re8 30. Rc7 Qa3 31. Ng4 Nxg4+ 32. hxg4 Qb4 33. Rc2 Bc5 34. Qf5+ Ke7 35. Re2+ 1-0

[Event "Summer Prague Open-A 2022"]
[Site "Prague"]
[Date "2022.08.07"]
[Round "3.17"]
[White "Pap, Gyula"]
[Black "Kristiansen, Willy M"]
[Result "1/2-1/2"]
[ECO "C67"]
[WhiteElo "2481"]
[BlackElo "2121"]
[Annotator "TA"]
[PlyCount "74"]
[EventDate "2022.08.05"]
[EventType "swiss"]
[EventCountry "CZE"]
[SourceTitle "playchess.com"]
[Source "ChessBase"]
[SourceQuality "1"]
[TimeControl "40/5400+30:1800+30"]

1. e4 e5 2. Nf3 Nc6 3. Bb5 Nf6 4. O-O Nxe4 5. d4 Nd6 6. Bxc6 dxc6 7. dxe5 Nf5 8. Qxd8+ Kxd8 9. Nc3 Bd7 10. b3 Kc8 {[%emt 0:05:27] C67: Ruy Lopez: Berlin Defence: 4 0-0 Nxe4.} 11. Bb2 Be7 12. h3 b6 13. Rad1 h5 14. Ne2 {[%emt 0:04:43] [#]} Rd8 $146 ({Predecessor:} 14... c5 15. Rfe1 Bc6 16. Nh2 a5 17. a4 Kb7 18. c4 Bg5 19. g3 Rad8 20. f4 Be7 {0-1 (27) Shabalov,A (2586)-Harikrishna,P (2666) Wheeling 2011}) 15. Nf4 h4 16. e6 Bxe6 17. Rxd8+ Kxd8 18. Nxe6+ fxe6 19. Re1 a5 20. a4 Kd7 21. Ne5+ {[%emt 0:02:02][%mdl 64] [#] Deflection} Ke8 (21... Kd6 $2 22. Rd1+ Nd4 23. Rxd4+ $18) 22. Nxc6 Bd6 23. Re4 {[%emt 0:01:52] White is more active.} ({Stronger than} 23. Rxe6+ Kd7 24. Rxd6+ Kxd6 $17) 23... Kf7 24. Rc4 ({White should try} 24. Ne5+ $16 Bxe5 25. Bxe5) 24... Rc8 25. Be5 ({Better is} 25. Ne5+ $16 Ke8 26. Kf1) 25... g5 26. Bxd6 Nxd6 $14 {[%emt 0:00:29][%mdl 4096] Endgame KRN-KRN} 27. Rc3 {[%emt 0:00:05] With the idea Na7.} Ne4 28. Rf3+ Kg7 29. Re3 Nc5 30. Kf1 Rf8 31. Ke2 Rf4 32. Ne5 Kf6 {[%emt 0:01:58] The position is equal.} 33. Nd3 Nxd3 34. Rxd3 Ke7 35. Ke3 Rf5 36. Rd4 Rc5 37. Kd3 Rf5 {[%emt 0:00:18] Weighted Error Value: White=0.13 (very precise) /Black=0.08 (flawless)} 1/2-1/2